 Dungeon Crawl Stone Soup version 0.26.1-10-gdfb7c7de75 (webtiles) character file.

Game seed: 1708917698253059110

29 Descartes the Sneak (level 3, 0/15 HPs)
             Began as a Felid Transmuter on Apr 9, 2021.
             Slain by a goblin (3 damage)
             ... on level 1 of the Dungeon.
             The game lasted 00:01:57 (825 turns).

Descartes the Sneak (Felid Transmuter)               Turns: 825, Time: 00:01:58

Health: 0/15       AC:  1    Str:  7    XL:     3   Next: 1%
Magic:  7/7        EV: 18    Int: 14    God:
Gold:   55         SH:  0    Dex: 16    Spells: 5/6 levels left
                                        Lives:  0   Deaths: 0

rFire    . . .     SeeInvis +     - Unarmed
rCold    . . .     Faith    .   (shield unavailable)
rNeg     . . .     Spirit   .   (armour unavailable)
rPois    .         Reflect  .   (helmet unavailable)
rElec    .         Harm     .   (cloak unavailable)
rCorr    .         Rampage  .   (gloves unavailable)
Will     .....                  (boots unavailable)
Stlth    +++.......             (no amulet)
HPRegen  0.05/turn              (no ring)
MPRegen  0.10/turn              (no ring)

@: quick
A: very small, no armour, no weapons or thrown items, stealth, claws 1, fangs 3,
see invisible, speed 1, shaggy fur 1, sharp paws
a: no special abilities


You were on level 1 of the Dungeon.
You visited 1 branch of the dungeon, and saw 1 of its levels.

You collected 55 gold pieces.

Inventory:

Missiles
 e - 27 arrows
Scrolls
 c - 2 scrolls of remove curse {unknown}
 d - 3 scrolls of immolation {unknown}
Potions
 a - a potion of might {unknown}
 b - 3 potions of heal wounds {unknown}
 f - a potion of haste {unknown}
 g - 2 potions of lignification {unknown}


   Skills:
 - Level 1.0 Fighting
 - Level 2.6 Dodging
 + Level 4.0 Stealth
 - Level 3.0 Unarmed Combat
 - Level 2.0 Spellcasting
 - Level 2.1 Transmutations


You had 5 spell levels left.
You knew the following spells:

 Your Spells              Type           Power        Failure   Level
a - Beastly Appendage     Tmut           14%          10%         1

Your spell library contained the following spells:

 Spells                   Type           Power        Failure   Level
 Wereblood                Tmut           7%           14%         2
 Spider Form              Tmut/Pois      2%           41%         3
 Ice Form                 Ice/Tmut       4%           83%         4
 Blade Hands              Tmut           3%           95%         5


Dungeon Overview and Level Annotations

Branches:
Dungeon (1/15)

Altars:


Innate Abilities, Weirdness & Mutations

You cannot wear armour.
You are incapable of wielding weapons or throwing items.
Your paws allow you to move quietly. (Stealth)
You have sharp claws.
You have razor-sharp teeth.
You have supernaturally acute eyesight. (SInv)
You cover ground quickly.
You are covered in fur. (AC +1)
Your sharp claws are effective at attacking unaware monsters.


Message History

The ooze is moderately wounded.
The ooze barely misses you.
You scratch the ooze.
The ooze is heavily wounded.
The ooze misses you.
You scratch the ooze.
The ooze is severely wounded.
The ooze jiggles.
The ooze barely misses you.
You scratch the ooze.
You kill the ooze!
Your Stealth skill increases to level 4!
You have reached level 3!
Your experience leads to an increase in your attributes!
Increase (S)trength, (I)ntelligence, or (D)exterity?
You feel stronger.
You scratch the goblin but do no damage.
The goblin misses you.
You barely miss the goblin. Your bite misses the goblin. The goblin hits you.
You die...

.......# #..........# .......##
#..........# ........#####
#......†...# ## ............##
####..###### #. ###.#######..#
#####(......####. ###+#######..##
#...(.#####......
.........##...###.##### #####..
.........##...##..# ##.
.........##....#@## ##.
...(.....##....#g# ##..
.........##.[..#.## #...
...<.....8#.......##### ###.#.
.........##..#........######gJ.#.
.........##.##...#.>...##.....###
.........##.##.#.###....#.....#
........[##.#..#.# ###gJ#.h...#
.........##.#.##.# ##.......#


You could see a goblin.

Vanquished Creatures
  An ooze (D:1)
  A ball python (D:1)
  2 giant cockroaches (D:1)
  3 goblins (D:1)
  3 hobgoblins (D:1)
  3 jackals (D:1)
  3 kobolds (D:1)
  2 bats (D:1)
  2 frilled lizards (D:1)
  A rat (D:1)
21 creatures vanquished.

Notes
Turn   | Place    | Note
-------+----------+-------------------------------------------
     0 | D:1      | Descartes the Felid Transmuter began the quest for the Orb.
     0 | D:1      | Reached XP level 1. HP: 9/9 MP: 4/4
    44 | D:1      | Reached skill level 1 in Stealth
   272 | D:1      | Reached skill level 2 in Stealth
   315 | D:1      | Reached XP level 2. HP: 9/12 MP: 6/6
   511 | D:1      | Reached skill level 3 in Stealth
   824 | D:1      | Reached skill level 4 in Stealth
   824 | D:1      | Reached XP level 3. HP: 3/15 MP: 7/7
   825 | D:1      | Slain by a goblin

Illustrated notes

Levels and vault maps discovered:
D:1:      psy_arrival_statuary, layout_rooms

Skill      XL: |  1  2 |
---------------+-------+-----
Stealth        | 2 4 |  4.0
Fighting       | |  1.0
Dodging        | |  2.6
Unarmed Combat | |  3.0
Spellcasting   | |  2.0
Transmutations | |  2.1

Action                   || total
-------------------------++-------
Melee: Unarmed           ||    71
       Bite              ||     4
 Stab: Sleeping          ||     4
Armor: Skin              ||     1
Dodge: Dodged            ||    57
